 Dungeon Crawl Stone Soup version 0.26.1-11-gd32895ea62 (webtiles) character file.

Game seed: 601007672896807925

1480 Zeld the Digger (level 8, -10/41 HPs)
             Began as a Gargoyle Earth Elementalist on Sept 17, 2021.
             Was an Initiate of Gozag.
             Mangled by an orc warrior
             ... wielding a +0 glaive
              (27 damage)
             ... on level 6 of the Dungeon on Sept 21, 2021.
             The game lasted 00:12:02 (9641 turns).

Zeld the Digger (Gargoyle Earth Elementalist)       Turns: 9641, Time: 00:12:02

Health: -10/41     AC:  9    Str: 11    XL:     8   Next: 79%
Magic:  0/15       EV: 13    Int: 19    God:    Gozag
Gold:   361        SH:  0    Dex: 10    Spells: 2/17 levels left

rFire    . . .     SeeInvis .   a - +1 dagger (venom)
rCold    . . .     Faith    .   (no shield)
rNeg     + . .     Spirit   .   c - +0 robe
rPois    ∞         Reflect  .   s - +0 helmet
rElec    +         Harm     .   (no cloak)
rCorr    .         Rampage  .   (no gloves)
Will     .....                  (no boots)
Stlth    +++.......             (no amulet)
HPRegen  0.13/turn              (no ring)
MPRegen  0.14/turn              (no ring)

@: very slightly contaminated
A: negative energy resistance 1, electricity resistance, unbreathing,
petrification resistance, miasma immunity, AC +5
a: Renounce Religion, Potion Petition, Call Merchant, Bribe Branch


You were on level 6 of the Dungeon.
You worshipped Gozag.
Gozag was aware of your devotion.
You visited 2 branches of the dungeon, and saw 7 of its levels.

You collected 406 gold pieces.
You paid 45 gold pieces to Gozag.

Inventory:

Hand Weapons
 a - a +1 dagger of venom (weapon)
Missiles
 p - 103 stones (quivered)
Armour
 c - a +0 robe (worn)
 s - a +0 helmet (worn)
Jewellery
 f - an uncursed ring of resist corrosion {unknown}
 k - a +6 ring of strength {unknown}
 n - a cursed ring of attention {unknown}
 z - the amulet "Jounaux" {Acrobat Will+ Dex+2 SInv, unknown}
   (You found it on level 5 of the Dungeon)

   [amulet of the acrobat]

   It helps you evade while moving and waiting.
   It affects your dexterity (+2).
   It affects your willpower, your defense against some magical effects.
   It lets you see invisible.
Wands
 r - a wand of polymorph (2)
 u - a wand of flame (17)
 y - a wand of digging (3)
 A - a wand of paralysis (12)
Scrolls
 b - 3 scrolls of teleportation
 h - a scroll of enchant weapon
 i - 5 scrolls of remove curse
 m - a scroll of magic mapping
 o - a scroll of immolation {unknown}
 w - 2 scrolls of identify
 x - a scroll of amnesia {unknown}
 B - a scroll of random uselessness {unknown}
 C - a scroll of fear {unknown}
Potions
 d - 2 potions of curing
 e - 4 potions of heal wounds {unknown}
 g - 2 potions of degeneration {unknown}
 j - 3 potions of brilliance {unknown}
 l - 2 potions of mutation {unknown}
 q - a potion of might {unknown}
 t - 2 potions of flight {unknown}
 v - 2 potions of lignification {unknown}


   Skills:
 + Level 3.9 Armour
 + Level 3.4 Dodging
 + Level 4.8 Stealth
 * Level 5.2 Spellcasting
 + Level 3.4 Conjurations
 - Level 1.0 Transmutations
 * Level 7.4 Earth Magic


You had 2 spell levels left.
You knew the following spells:

 Your Spells              Type           Power        Failure   Level
a - Sandblast             Erth           66%          1%          1
b - Passwall              Tmut/Erth      17%          3%          2
c - Stone Arrow           Conj/Erth      50%          3%          3
d - Petrify               Tmut/Erth      21%          22%         4
e - Lee's Rapid Deconstr  Erth           16%          16%         5

Your spell library contained the following spells:

 Spells                   Type           Power        Failure   Level


Dungeon Overview and Level Annotations

Branches:
Dungeon (6/15)             Temple (1/1) D:4

Altars:
Ashenzari
Cheibriados
Dithmenos
Elyvilon
Fedhas
Gozag
Hepliaklqana
Kikubaaqudgha
Makhleb
Nemelex Xobeh
Okawaru
Qazlal
Ru
Sif Muna
Trog
Uskayaw
Vehumet
Wu Jian
Yredelemnul
Zin
The Shining One


Innate Abilities, Weirdness & Mutations

You are resistant to torment.
Your stone body is resilient. (AC +5)
You are immune to poison.
You resist negative energy. (rN+)
You are resistant to electric shocks. (rElec)
You can survive without breathing.
You are immune to petrification.
You are immune to miasma.


Message History

Casting: Stone Arrow (dangerous; 3% risk of failure)
Confirm with . or Enter, or press ? or * to list all spells.
Aiming: Stone Arrow (dangerous; 3% risk of failure)
Press: ? - help, Shift-Dir - straight line, f/p - orc warrior
Aim: an orc warrior, wielding a +0 glaive and wearing a +0 chain mail (severely wounded, 32% to evade)
The stone arrow hits the orc warrior!
The orc warrior is almost dead.
The orc warrior hits you from afar with a +0 glaive!
Casting: Stone Arrow (dangerous; 3% risk of failure)
Confirm with . or Enter, or press ? or * to list all spells.
You don't have enough magic to cast that spell.
The orc warrior hits you with a +0 glaive!
You are too injured to fight recklessly!
You are too injured to fight recklessly!
You are too injured to fight recklessly!
You are too injured to fight recklessly!
The orc warrior hits you from afar with a +0 glaive!!
Ouch! That really hurt!
You die...
Your body crumbles into a pile of gold.

#. ## # #. ..
#.#. . ##.#.##.
##......########
........@.......
........########
......o.#
........#
.......$#
......... $
........##
.#......#
.....##.#


You could see an orc warrior.

Vanquished Creatures
  Pikel (D:3)
  Duvessa (D:4)
  An ice beast (D:5)
  An ogre (D:4)
  2 lemures (D:3)
  Blork the orc (D:4)
  Dowan (D:4)
  A scorpion (D:3)
  2 howler monkeys
  A hound (D:6)
  An orc priest (D:5)
  An iguana (D:5)
  Ijyb (D:5)
  A worker ant (D:5)
  An orc wizard (D:5)
  A killer bee zombie (D:5)
  A hound zombie (D:5)
  Robin (D:4)
  A worker ant zombie (D:3)
  4 gnolls (D:5)
  8 adders
  A white imp (D:5)
  An ufetubus (D:5)
  2 oozes
  2 worms (D:3)
  4 dart slugs
  4 leopard geckos
  11 orcs
  7 giant cockroaches
  17 goblins
  11 hobgoblins
  4 jackals (D:3)
  8 kobolds
  3 quokkas
  3 ball pythons
  7 bats
  5 frilled lizards
  A jackal zombie (D:5)
  A quokka zombie (D:5)
  7 rats
132 creatures vanquished.

Notes
Turn   | Place    | Note
-------+----------+-------------------------------------------
     0 | D:1      | Zeld the Gargoyle Earth Elementalist began the quest for
                  | the Orb.
     0 | D:1      | Reached XP level 1. HP: 10/10 MP: 3/3
   340 | D:1      | Reached XP level 2. HP: 15/15 MP: 1/5
   352 | D:1      | Learned a level 2 spell: Passwall
   533 | D:1      | Reached skill level 1 in Transmutations
   578 | D:1      | Reached skill level 4 in Earth Magic
   787 | D:1      | Reached XP level 3. HP: 19/19 MP: 1/6
   805 | D:1      | Learned a level 3 spell: Stone Arrow
  1151 | D:1      | Reached skill level 1 in Armour
  1384 | D:2      | Found a bloodstained altar of Trog.
  1616 | D:2      | Reached XP level 4. HP: 24/24 MP: 3/7
  2429 | D:3      | Reached XP level 5. HP: 19/28 MP: 9/9
  2573 | D:3      | Reached skill level 1 in Conjurations
  3080 | D:3      | Found a faded altar of an unknown god.
  3234 | D:4      | Noticed Blork the orc
  3243 | D:4      | Killed Blork the orc
  3244 | D:4      | Reached skill level 5 in Earth Magic
  3289 | D:4      | Found a staircase to the Ecumenical Temple.
  3295 | Temple   | Entered the Ecumenical Temple
  3521 | D:4      | Noticed a +0 dagger
  3522 | D:4      | Found a hide-covered altar of Uskayaw.
  3522 | D:4      | Noticed a +0 dagger
  3523 | D:4      | Noticed Duvessa
  3566 | D:4      | Noticed Dowan
  3567 | D:4      | Noticed a lemure
  3568 | D:4      | Noticed a lemure
  3569 | D:4      | Noticed a lemure
  4009 | D:3      | Killed a lemure
  4634 | D:4      | Reached XP level 6. HP: 26/32 MP: 10/10
  4634 | D:4      | Noticed Pikel
  4634 | D:4      | Noticed Robin
  5638 | D:3      | Killed Pikel
  5639 | D:3      | Reached skill level 6 in Earth Magic
  5639 | D:3      | Reached XP level 7. HP: 34/36 MP: 6/13
  5751 | D:3      | Found a faded altar of an unknown god.
  6162 | D:4      | Killed Robin
  6212 | D:4      | Found a hazy altar of Hepliaklqana.
  6240 | D:4      | Reached XP level 8. HP: 22/41 MP: 14/14
  6383 | D:4      | Learned a level 5 spell: Lee's Rapid Deconstruction
  6399 | D:4      | Killed Duvessa
  6406 | D:4      | Learned a level 4 spell: Petrify
  6792 | D:4      | Killed Dowan
  7007 | D:4      | Found an opulent altar of Gozag.
  7101 | D:4      | Became a worshipper of Gozag Ym Sagoz the Greedy
  7161 | D:5      | Entered Level 5 of the Dungeon
  7446 | D:5      | Found a stormy altar of Qazlal.
  7506 | D:5      | Got a transparent iron amulet
  7583 | D:5      | Noticed Ijyb
  7591 | D:5      | Paralysed by Ijyb for 2 turns
  7594 | D:5      | Killed Ijyb
  7684 | D:5      | Reached skill level 7 in Earth Magic
  8015 | D:5      | Reached skill level 5 in Spellcasting
  9641 | D:6      | Mangled by an orc warrior

Illustrated notes

Levels and vault maps discovered:
D:1:      psy_arrival_fountain, layout_loops_corners
D:2:      layout_rooms, lemuel_round_altar
D:3:      layout_rooms, chequers_ecumenical_altar_lobes, minmay_crystal_water
D:4:      layout_rooms, kennysheep_mini_moat, kennysheep_mini,
          dancing_weapons_uskayaw, minmay_temple_entry_hall, uniq_duvessa,
          uniq_robin, uniq_blork_the_orc, uniq_pikel
D:5:      layout_loops_ring, grunt_qazlal_clouds, uniq_ijyb
D:6:      layout_rooms, serial_shops, shop
Temple:   nicolae_temple_elliptical

Skill      XL: |  1  2  3  4  5  6  7  8 |
---------------+-------------------------+-----
Transmutations | 1 |  1.0
Earth Magic    | 4 5 6 7 |  7.4
Armour         | 1 2 3 |  3.9
Dodging        | 2 3 |  3.4
Conjurations   | 1 2 3 |  3.4
Spellcasting   | 3 4 5 |  5.2
Stealth        | 3 4 |  4.8

Action                   |  1- 3 |  4- 6 |  7- 9 || total
-------------------------+-------+-------+-------++-------
Melee: Unarmed           |    57 |       |     6 ||    63
       Dagger            |       |   150 |   182 ||   332
 Cast: Sandblast         |    53 |    39 |     1 ||    93
       Stone Arrow       |       |     1 |    18 ||    19
  Use: Scroll            |       |     5 |       ||     5
 Stab: Sleeping          |       |     1 |     2 ||     3
Armor: Robe              |    17 |    80 |    72 ||   169
Dodge: Dodged            |    37 |   166 |   153 ||   356
